 Dungeon Crawl Stone Soup version 0.30.1-11-g7821555f0a (webtiles) character file.

Game seed: 5462422408981153729

81 H0rd4k the Charlatan (level 4, -1/32 HPs)
             Began as a Human Artificer on Dec 12, 2023.
             Slain by Jessica
             ... wielding a +4 spectral club
              (6 damage)
             ... on level 2 of the Dungeon on Dec 14, 2023.
             The game lasted 00:01:41 (1207 turns).

H0rd4k the Charlatan (Human Artificer)              Turns: 1207, Time: 00:01:42

Health: -1/32      AC:  4    Str: 12    XL:     4   Next: 67%
Magic:  4/4        EV: 11    Int: 13    God:
Gold:   50         SH:  0    Dex: 14    Spells: 3/3 levels left

rFire   . . .        l - +0 mace
rCold   . . .        (no shield)
rNeg    . . .        b - +0 leather armour
rPois   .            (no helmet)
rElec   .            (no cloak)
rCorr   .            n - +0 pair of gloves
SInv    .            (no boots)
Will    .....        (no amulet)
Stlth   ++           (no ring)
HPRegen 0.25/turn    (no ring)
MPRegen 0.09/turn

%: no passive effects
@: no status effects
A: no striking features
a: no special abilities


You were on level 2 of the Dungeon.
You visited 1 branch of the dungeon, and saw 2 of its levels.

You collected 50 gold pieces.

Inventory:

Hand Weapons
 l - a +0 mace (weapon)
Armour
 b - a +0 leather armour (worn)
 n - a +0 pair of gloves (worn)
Wands
 c - a wand of flame (6) (quivered)
 d - a wand of charming (15)
 e - a wand of iceblast (5)
Scrolls
 f - a scroll of immolation {unknown}
 g - a scroll of silence {unknown}
 i - a scroll of fog {unknown}
 j - a scroll of noise {unknown}
 k - a scroll of teleportation {unknown}
 m - a scroll of blinking {unknown}
Potions
 a - a potion of curing {unknown}
 h - a potion of lignification {unknown}


   Skills:
 + Level 1.6 Fighting
 + Level 1.5 Maces & Flails
 + Level 2.3 Armour
 + Level 1.7 Dodging
 + Level 1.3 Stealth
 + Level 3.8 Evocations


You had 3 spell levels left.
You didn't know any spells.
Your spell library contained the following spells:

 Spells                   Type           Power      Damage    Failure   Level
 Animate Dead             Necr           0%         N/A       98%         4
 Haunt                    Necr/Summ      0%         N/A       100%        7
 Infestation              Necr           0%         N/A       100%        8


Dungeon Overview and Level Annotations

Branches:
Dungeon (2/15)

Altars:
Makhleb

Annotations:
D:2 Jessica


Message History

You now have 50 gold pieces (gained 9).
You see here 8 stones.
Found a pair of gloves.
Found a leather armour.
There is a shaft here.
A dart slug comes into view.
You see here a +0 pair of gloves.
n - a +0 pair of gloves The dart slug bites you.
You hit the dart slug.
The dart slug is moderately wounded.
The dart slug misses you.
You sock the dart slug!
You kill the dart slug!
You see here a dart slug corpse.
You start putting on your armour.
You continue putting on your +0 pair of gloves. x4
You finish putting on your +0 pair of gloves.
Found 3 stones.
Found a hand axe.
No target in view!
Found a stone staircase leading up.
Jessica the Apprentice Sorceress comes into view.
She is wielding a +4 spectral club and wearing a +2 robe of willpower.
There is a stone staircase leading up here.
Jessica shouts!
Jessica casts a spell at you. Pain shoots through your body!
You hit Jessica but do no damage.
A hobgoblin comes into view. It is wielding a +0 short sword.
Jessica barely misses you. The +4 spectral club hits you.
A +4 spectral club comes into view.
You barely miss Jessica. The +4 spectral club hits you.
The +4 spectral club barely misses you. The +4 spectral club hits you.
Jessica closely misses you. The +4 spectral club hits you.
You closely miss Jessica. The +4 spectral club hits you.
* * * LOW HITPOINT WARNING * * *
The +4 spectral club hits you.
* * * LOW HITPOINT WARNING * * *
Jessica hits you with a +4 spectral club.
You die...

#.# ####.##.##
.#####
.........#
....[.
.#######.#
###### ####.#
#....########
#..##.........
....
#<########
.... #.@@# ...
#.#(# ..
...#.# .
....##.#
.....# .#
..... .# .....
.. .... ##


You could see a +4 spectral club and Jessica.

Vanquished Creatures
  Natasha (D:2)
  A gnoll (D:1)
  An adder (D:2)
  A worm (D:2)
  2 dart slugs
  An endoplasm (D:2)
  A giant cockroach (D:1)
  3 goblins (D:1)
  4 hobgoblins
  4 jackals (D:1)
  2 kobolds (D:1)
  A quokka (D:1)
  A ball python (D:1)
  2 bats (D:1)
  A frilled lizard (D:1)
  5 rats (D:1)
31 creatures vanquished.

Notes
Turn   | Place    | Note
-------+----------+-------------------------------------------
     0 | D:1      | H0rd4k the Human Artificer began the quest for the Orb.
     0 | D:1      | Reached XP level 1. HP: 15/15 MP: 1/1
   217 | D:1      | Reached XP level 2. HP: 2/21 MP: 2/2
   469 | D:1      | Reached XP level 3. HP: 23/26 MP: 3/3
   596 | D:1      | Reached skill level 1 in Maces & Flails
   869 | D:2      | Found a burning altar of Makhleb.
   979 | D:2      | Reached XP level 4. HP: 25/32 MP: 4/4
  1015 | D:2      | Noticed Natasha
  1025 | D:2      | Killed Natasha
  1203 | D:2      | Noticed Jessica
  1207 | D:2      | Slain by Jessica

Illustrated notes

Levels and vault maps discovered:
D:1:      lightli_arrival_chessboard, layout_rooms, hangedman_glass_teeth,
          minmay_fountain_box
D:2:      layout_loops_ring, serial_forest, infiniplex_forest_clump_cross,
          infiniplex_forest_lined_room_3, infiniplex_forest_end_2,
          infiniplex_forest_straight_3, infiniplex_forest_split,
          infiniplex_forest_straight_1, infiniplex_forest_join, basic_altar,
          wad_floor_pattern_2, minmay_liquid_box, minmay_tripent, uniq_jessica,
          uniq_natasha

Skill      XL: |  1  2  3 |
---------------+----------+-----
Maces & Flails | 1 |  1.5
Fighting       | |  1.6
Armour         | |  2.3
Dodging        | |  1.7
Stealth        | |  1.3
Evocations     | |  3.8

Action                     |  1- 3 |  4- 6 || total
---------------------------+-------+-------++-------
  Melee: Club              |    81 |       ||    81
         Mace              |    44 |    10 ||    54
         Punch             |     2 |       ||     2
  Evoke: Wand              |     6 |     3 ||     9
   Stab: Sleeping          |     2 |     1 ||     3
 Armour: Leather armour    |    28 |     4 ||    32
  Dodge: Dodged            |    95 |    15 ||   110
